 Dungeon Sprint DCSS version 0.31-a0-841-g038b102fc3 (webtiles) character file.

Game seed: 18128119185774455625

35325 sircluck the Wrestler (level 13, -6/241 HPs)
             Began as a Troll Berserker on Sept 27, 2023.
             Was the Champion of Trog.
             Shot with a bolt by a yaktaur (29 damage)
             ... led by a yaktaur captain
             ... in the Dungeon (Sprint VII: "The Pits").
             The game lasted 00:09:00 (2645 turns).

sircluck the Wrestler (Troll Berserker)             Turns: 2645, Time: 00:09:01

Health: -6/241     AC:  8    Str: 35    XL:     13   Next: 47%
Magic:  12/12      EV: 15    Int:  3    God:    Trog [******]
Gold:   61         SH:  0    Dex:  9    Spells: 12/12 levels left

rFire   . .          .
                       - Unarmed
rCold   . . .        (no shield)
rNeg    . . .        a - +0 animal skin
rPois   .            (helmet restricted)
rElec   .            l - +0 cloak
rCorr   .            (gloves unavailable)
SInv    .            (boots unavailable)
Will    .....        (no amulet) Stlth
                     g - +3 ring of protection
HPRegen 1.40/turn    k - +3 ring of strength
MPRegen 0.13/turn

%: no teleportation
@: berserking (expiring), studying Staves, very quick
A: large, unfitting armour, claws 3, regeneration 1, shaggy fur 1, tough skin 1
a: Renounce Religion, Berserk, Trog's Hand, Brothers in Arms


You were in the Dungeon.
You worshipped Trog.
Trog was exalted by your worship.
You visited 1 branch You collected 61 gold pieces.

Inventory:

Missiles
 w - 5 large rocks
Armour
 a - a +0 animal skin (worn)
 l - a +0 cloak (worn)
Jewellery
 g - a +3 ring of protection (left claw)
 k - a +3 ring of strength (right claw)
 q - a ring of see invisible
 s - an amulet of faith
 u - the ring "Utet" {Fly rF+ MP+9 Dex-3}
   (You took it off a vampire mage in the Dungeon)

   [ring of protection from fire]

   Dex-3:     It affects your dexterity (-3).
   rF+:       It protects you from fire.
   MP+9:      It affects your magic capacity (+9).
   Fly:       It grants you flight.
Scrolls
 i - 2 scrolls of vulnerability
 j - a scroll of summoning
 m - 3 scrolls of identify
 n - a scroll of blinking
 o - a scroll of fog
 p - 2 scrolls of fear
 r - a scroll of immolation
 v - a scroll of poison
Potions
 b - 12 potions of curing
 c - 14 potions of heal wounds
 d - 4 potions of haste
 e - 4 potions of magic
 f - 3 potions of berserk rage
 h - a potion of invisibility
 t - a potion of ambrosia


   Skills:
 + Level 18.4 Fighting
 + Level 18.1 Dodging
 + Level 21.2 Unarmed Combat


You had 12 spell levels left.
You didn't know any spells.
Your spell library was empty.

Dungeon Overview and Level Annotations

Branches:
Dungeon (1/1)

Altars:
Ashenzari
Cheibriados
Dithmenos
Elyvilon
Fedhas
Gozag
Hepliaklqana
Kikubaaqudgha
Makhleb
Nemelex Xobeh
Okawaru
Qazlal
Ru
Sif Muna
Trog
Uskayaw
Vehumet
Wu Jian
Xom
Yredelemnul
Zin
The Shining One
Jiyva
Lugonu


Innate Abilities, Weirdness & Mutations

You are too large for most types of armour.
You have claws for hands.
Your natural rate of healing is unusually fast.
You are covered in fur. (AC +1)
You have tough skin. (AC +1)


Message History

The wolf closely misses you.
The orc knight hits your troll with a +0 great sword!!!
Your troll dies!
Your troll's corpse disappears in a puff of smoke!
Unknown command.
Unknown command.
Unknown command.
You eviscerate the large abomination!!!
The large abomination is severely damaged.
The orc knight no longer looks unusually strong. x2
The orc knight hits you with a +0 war axe!!
* * * LOW HITPOINT WARNING * * *
The orc knight roars a battlecry!
The orc knights go into a battle-frenzy!
You scratch the large abomination but do no damage.
The large abomination is severely damaged.
The wolf closely misses you.
Unknown command.
Unknown command.
Unknown command.
The wolf no longer looks unusually strong.
The wolf attacks as it pursues you! The wolf barely misses you.
The orc knight attacks as it pursues you!
The orc knight closely misses you.
You eviscerate the wolf!!!
You kill the wolf!
Trog accepts your kill.
Unknown command.
Unknown command.
Unknown command.
Unknown command.
You mangle the large abomination!!
You feel the power of Trog in you as your rage grows.
You destroy the large abomination!
Trog accepts your kill. Trog grants you a weapon!
Something appears at your feet!
You see here a +0 heavy dire flail.
The yaktaur wields a +0 arbalest.
The yaktaur shoots a bolt.
The bolt hits you!!
You die...

..# ..# ..# ..+ ..+ ''#
''###############################
..)).............................
..))...........§@†)..)†..........
..##############§o##############)
..# #..oe).o.# #† ).# #.#.ccc#.#
#. ))# .....NNop .. #. ..#
#.#.#....#m .# #. ).# ...........
# #. ..# #.#.#....#.#. #. ..#
.......... .. #.


You could see a yaktaur captain, 2 naga warriors, a vault guard, 4 orc knights,
a merfolk, a deep elf knight and 2 yaktaurs.

Vanquished Creatures
  Saint Roka (D)
  A nagaraja (D)
  An orc warlord (D)
  A white draconian (D)
  A mummy priest (D)
  An eidolon (D)
  A great orb of eyes (D)
  Erolcha (D)
  An ogre mage (D)
  Erica (D)
  A death knight (D)
  An alligator snapping turtle (D)
  A vampire mage (D)
  A demonic crawler (D)
  An orc high priest (D)
  A sun demon (D)
  Nergalle (D)
  A deep troll (D)
  A spriggan druid (D)
  3 sea snakes (D)
  A bog body (D)
  A harpy (shapeshifter) (D)
  6 orc knights (D)
  A deep elf pyromancer (D)
  2 elephants (D)
  Joseph (D)
  A cane toad (D)
  A smoke demon (D)
  A gargoyle (D)
  An efreet (D)
  2 yaktaurs (D)
  A troll (D)
  A merfolk (D)
  6 dream sheep (D)
  3 jumping spiders (D)
  A flying skull (D)
  A large abomination (D)
  2 shadows (D)
  A vampire (D)
  A fire bat (D)
  3 redbacks (D)
  A neqoxec (D)
  A warg (D)
  An acid dragon (D)
  A floating eye (D)
  A small abomination (D)
  10 orc warriors (D)
  2 wolves (D)
  2 centaurs (D)
  A kobold brigand (D)
  A necrophage (D)
  2 gnoll sergeants (D)
  7 wights (D)
  6 killer bees (D)
  2 quasits (D)
  An orc priest (D)
  2 gnoll boudas (D)
  An iguana (D)
  3 hell rats (D)
  An orc wizard (D)
  A mummy (D)
  12 gnolls (D)
  14 orcs (D)
  2 ball pythons (D)
  A hobgoblin (D)
  7 jackals (D)
  4 frilled lizards (D)
  2 kobolds (D)
  A rat (D)
150 creatures vanquished.

Vanquished Creatures (collateral kills)
  An orc warlord (D)
  An ophan (D)
  A deep elf annihilator (D)
  A minotaur (D)
  4 hell hogs (D)
  A sea snake (shapeshifter) (D)
  2 orc knights (D)
  A cyclops (D)
  A wandering mushroom (D)
  A neqoxec (D)
  4 wolves (D)
  2 gnolls (D)
  A jackal skeleton (D)
21 creatures vanquished.

Vanquished Creatures (others)
  A vault guard (D)
1 creature vanquished.

Grand Total: 172 creatures vanquished

Notes
Turn   | Place    | Note
-------+----------+-------------------------------------------
     0 | D        | sircluck the Troll Berserker began the quest for the Orb.
     0 | D        | Reached XP level 1. HP: 22/22 MP: 0/0
    27 | D        | Noticed a gargoyle
    31 | D        | Reached ** piety under Trog
    41 | D        | Killed a gargoyle
    42 | D        | Reached skill level 7 in Unarmed Combat
    42 | D        | Reached XP level 2. HP: 23/37 MP: 1/1
    42 | D        | Reached XP level 3. HP: 28/45 MP: 2/2
    42 | D        | Reached XP level 4. HP: 33/53 MP: 3/3
    42 | D        | Reached XP level 5. HP: 38/61 MP: 4/4
    42 | D        | Reached XP level 6. HP: 43/68 MP: 5/5
    45 | D        | Noticed a jumping spider
    46 | D        | Noticed an orc warrior
    51 | D        | Killed an orc warrior
    52 | D        | Reached skill level 8 in Unarmed Combat
    53 | D        | Reached *** piety under Trog
    57 | D        | Killed a jumping spider
    58 | D        | Reached skill level 9 in Unarmed Combat
    58 | D        | Reached XP level 7. HP: 15/79 MP: 6/6
   214 | D        | Noticed an elephant
   223 | D        | Killed an elephant
   224 | D        | Reached skill level 10 in Unarmed Combat
   229 | D        | Noticed a fire bat
   234 | D        | Killed a fire bat
   235 | D        | Reached XP level 8. HP: 66/92 MP: 7/7
   283 | D        | Noticed a deep troll
   299 | D        | Killed a deep troll
   299 | D        | Reached **** piety under Trog
   300 | D        | Reached skill level 11 in Unarmed Combat
   394 | D        | Found a bloodstained altar of Trog.
   394 | D        | Found a shimmering blue altar of Sif Muna.
   394 | D        | Found a viscous altar of Jiyva.
   394 | D        | Found a hazy altar of Hepliaklqana.
   394 | D        | Found an opulent altar of Gozag.
   395 | D        | Found a glowing golden altar of the Shining One.
   395 | D        | Found a glowing silver altar of Zin.
   395 | D        | Found a basalt altar of Yredelemnul.
   395 | D        | Found a shimmering altar of Xom.
   395 | D        | Found an ornate altar of the Wu Jian Council.
   395 | D        | Found a sacrificial altar of Ru.
   395 | D        | Found a stormy altar of Qazlal.
   395 | D        | Found an iron altar of Okawaru.
   395 | D        | Found a sparkling altar of Nemelex Xobeh.
   395 | D        | Found a burning altar of Makhleb.
   395 | D        | Found a blossoming altar of Fedhas.
   395 | D        | Found a white marble altar of Elyvilon.
   395 | D        | Found a shadowy altar of Dithmenos.
   395 | D        | Found a snail-covered altar of Cheibriados.
   397 | D        | Found a radiant altar of Vehumet.
   397 | D        | Found a corrupted altar of Lugonu.
   398 | D        | Found a hide-covered altar of Uskayaw.
   398 | D        | Found an ancient bone altar of Kikubaaqudgha.
   398 | D        | Found a broken altar of Ashenzari.
   457 | D        | Reached ***** piety under Trog
   464 | D        | Noticed a flying skull
   475 | D        | Killed a flying skull
   476 | D        | Reached skill level 10 in Fighting
   476 | D        | Reached skill level 10 in Dodging
   577 | D        | Paralysed by a floating eye for 4 turns
   581 | D        | Received a gift from Trog
   586 | D        | Paralysed by a floating eye for 3 turns
   590 | D        | Reached ****** piety under Trog
   591 | D        | Reached skill level 12 in Unarmed Combat
   594 | D        | Reached XP level 9. HP: 102/102 MP: 8/8
   641 | D        | Identified the +10 rapier of the Kidney {antimagic, Dex+5}
                  | (Trog gifted it to you in the Dungeon)
   641 | D        | Received a gift from Trog
   665 | D        | Noticed an orc knight
   738 | D        | Killed an orc knight
   738 | D        | Received a gift from Trog
   739 | D        | Reached skill level 13 in Unarmed Combat
   944 | D        | Noticed Erolcha
   947 | D        | Killed Erolcha
   949 | D        | Received a gift from Trog
   950 | D        | Reached XP level 10. HP: 80/115 MP: 9/9
  1046 | D        | Noticed Erica
  1048 | D        | Reached skill level 14 in Unarmed Combat
  1056 | D        | Killed Erica
  1056 | D        | Received a gift from Trog
  1069 | D        | Noticed an orc high priest
  1078 | D        | Noticed a sun demon
  1081 | D        | HP: 3/117 [sun demon[an orc high priest] (16)]
  1082 | D        | Killed an orc high priest
  1213 | D        | Noticed a smoke demon
  1215 | D        | Killed a smoke demon
  1215 | D        | Received a gift from Trog
  1225 | D        | Noticed a nagaraja
  1229 | D        | Noticed Nergalle
  1235 | D        | Killed a nagaraja
  1236 | D        | Reached skill level 15 in Unarmed Combat
  1239 | D        | Killed Nergalle
  1264 | D        | Noticed a deep elf pyromancer
  1280 | D        | Killed a deep elf pyromancer
  1280 | D        | Received a gift from Trog
  1281 | D        | Reached XP level 11. HP: 117/127 MP: 10/10
  1300 | D        | Noticed a sea snake
  1307 | D        | Killed a sea snake
  1308 | D        | Reached skill level 16 in Unarmed Combat
  1343 | D        | Noticed a demonic crawler
  1346 | D        | Killed a demonic crawler
  1362 | D        | Noticed a great orb of eyes
  1363 | D        | Received a gift from Trog
  1370 | D        | Killed a great orb of eyes
  1383 | D        | Received a gift from Trog
  1384 | D        | Noticed Joseph
  1393 | D        | Reached skill level 17 in Unarmed Combat
  1396 | D        | Killed Joseph
  1603 | D        | Noticed a bog body
  1603 | D        | Noticed a sea snake
  1610 | D        | Noticed an eidolon
  1611 | D        | Received a gift from Trog
  1613 | D        | Killed a sea snake
  1614 | D        | Killed a bog body
  1615 | D        | Reached skill level 15 in Fighting
  1615 | D        | Noticed a sea snake
  1620 | D        | Killed an eidolon
  1623 | D        | Identified the ring "Utet" {Fly rF+ MP+9 Dex-3}
  1623 | D        | Noticed a vampire mage
  1628 | D        | Killed a sea snake
  1629 | D        | Reached skill level 15 in Dodging
  1630 | D        | Noticed an ophan
  1634 | D        | Noticed a deep elf annihilator
  1634 | D        | Killed a vampire mage
  1634 | D        | Identified the +6 lajatang of Trog's Hope {flame, rElec}
                  | (Trog gifted it to you in the Dungeon)
  1634 | D        | Received a gift from Trog
  1638 | D        | Noticed an ogre mage
  1638 | D        | Paralysed by an ogre mage for 2 turns
  1642 | D        | Killed an ophan
  1643 | D        | Reached skill level 18 in Unarmed Combat
  1643 | D        | Reached XP level 12. HP: 74/143 MP: 11/11
  1646 | D        | Received a gift from Trog
  1648 | D        | Killed an ogre mage
  1649 | D        | Killed a deep elf annihilator
  1658 | D        | Identified the +9 great sword "Inkihi" {heavy, rElec rC+
                  | Str+2} (Trog gifted it to you in the Dungeon)
  1658 | D        | Received a gift from Trog
  1679 | D        | Noticed an alligator snapping turtle
  1792 | D        | Killed an alligator snapping turtle
  2047 | D        | Noticed a hell hog
  2047 | D        | Noticed a minotaur
  2047 | D        | Noticed a white draconian
  2047 | D        | Noticed a death knight
  2047 | D        | Noticed a hell hog
  2047 | D        | Noticed a hell hog
  2049 | D        | Killed a hell hog
  2049 | D        | Received a gift from Trog
  2050 | D        | Reached skill level 19 in Unarmed Combat
  2052 | D        | Killed a hell hog
  2054 | D        | Killed a minotaur
  2054 | D        | Identified the +10 flail of Blood {holy, Will+}
  2054 | D        | Noticed a vault guard
  2056 | D        | Killed a vault guard
  2058 | D        | Noticed a hell hog
  2058 | D        | Killed a hell hog
  2060 | D        | Killed a hell hog
  2063 | D        | Killed a white draconian
  2068 | D        | Killed a death knight
  2068 | D        | Received a gift from Trog
  2272 | D        | Noticed Saint Roka
  2283 | D        | Received a gift from Trog
  2314 | D        | Killed Saint Roka
  2315 | D        | Reached skill level 20 in Unarmed Combat
  2315 | D        | Reached XP level 13. HP: 67/157 MP: 12/12
  2421 | D        | Noticed a mummy priest
  2426 | D        | Killed a mummy priest
  2430 | D        | Received a gift from Trog
  2461 | D        | Received a gift from Trog
  2602 | D        | Noticed an orc warlord
  2603 | D        | Noticed an orc warlord
  2613 | D        | Received a gift from Trog
  2618 | D        | Killed an orc warlord
  2620 | D        | Identified the +5 great sword of the Pharaoh's Fist {heavy,
                  | *Slow +Blink Str+3 Dex+7} (Trog gifted it to you in the
                  | Dungeon)
  2620 | D        | Received a gift from Trog
  2621 | D        | Noticed a balrug
  2625 | D        | Killed an orc warlord
  2632 | D        | Reached skill level 21 in Unarmed Combat
  2645 | D        | Received a gift from Trog
  2645 | D        | Shot with a bolt by a yaktaur

Illustrated notes

Levels and vault maps discovered:
D:        pitsprint [storerooms_1, entrance_room_1, metal_vault_5, armoury_3,
          mini_pit_1, grid_room_1, main_hall_1, silver_pit, the_coven_3,
          the_vestibule_1, steel_vault_5, golden_pit, hallway_of_sentries,
          crystal_vault_2, iron_vault_5, final_vault]

Skill      XL: |  1  2  3  4  5  6  7  8  9 10 11 12 13 |
---------------+----------------------------------------+-----
Fighting       | 6 7 9 10 11 13 15 17 18 | 18.4
Dodging        | 6 7 8 10 11 13 15 17 18 | 18.1
Unarmed Combat | 7 9 10 12 13 15 18 20 21 | 21.2

Action                     |  1- 3 |  4- 6 |  7- 9 | 10-12 | 13-15 || total
---------------------------+-------+-------+-------+-------+-------++-------
  Melee: Unarmed           |    16 |    10 |    97 |   184 |    65 ||   372
         Punch             |       |       |     5 |    21 |     8 ||    34
 Invoke: Berserk           |     1 |       |     2 |     4 |     1 ||     8
         Brothers in Arms  |       |       |       |     3 |     2 ||     5
    Use: Potion            |       |       |     1 |     6 |       ||     7
         Scroll            |       |       |     1 |     1 |       ||     2
   Stab: Invisible         |       |       |       |     2 |       ||     2
         Distracted        |       |       |       |       |     1 ||     1
 Armour: Animal skin       |     9 |    11 |    69 |   116 |    33 ||   238
  Dodge: Dodged            |     8 |     5 |    69 |   100 |    35 ||   217

Table legend: (Time is in decaauts)
 A = Elapsed time spent in this place.
 B = Non-inter-level travel time spent in this place.
 C = Inter-level travel time spent in this place.
 D = Time resting spent in this place.
 E = Time spent auto-exploring this place.
 F = Levels seen in this place.
 G = Mean time per level.
                   A        B        C        D        E       F      G
               +--------+--------+--------+--------+--------+-----+--------+
         Total |   2601 |   2398 |    203 |    766 |    300 |   1 | 2601.0 |
       Dungeon |   2601 |   2398 |    203 |    766 |    300 |   1 | 2601.0 |
               +--------+--------+--------+--------+--------+-----+--------+

Top non-repeatable levels by time:
       D: 2601 daAuts
